 Dungeon Crawl Stone Soup version 0.30-a0-354-g6b83867211 (webtiles) character file.

Game seed: 16093324530053347067

1138 koil the Sneak (level 8, 0/39 HPs)
             Began as a Spriggan Enchanter on Nov 8, 2022.
             Slain by a white imp (3 damage)
             ... on level 8 of the Dungeon.
             The game lasted 00:14:01 (4962 turns).

koil the Sneak (Spriggan Enchanter)                 Turns: 4962, Time: 00:14:03

Health: 0/39       AC:  3    Str: 10    XL:     8   Next: 14%
Magic:  13/16      EV: 19    Int: 18    God:
Gold:   391        SH:  0    Dex: 16    Spells: 9/17 levels left

rFire   . . .      SeeInvis +    a - +5 rapier of the Onslaught {vorpal, Str+6 Stlth-}
rCold   . . .      Faith    .    (no shield)
rNeg    . . .      Spirit   .    F - +0 robe
rPois   .          Reflect  .    (helmet restricted)
rElec   .          Harm     .    J - +0 cloak
rCorr   .          Rampage  .    (gloves unavailable)
Will    +....                    (boots unavailable)
Stlth   +++.......               u - amulet of regeneration
HPRegen 1.06/turn                (no ring)
MPRegen 0.15/turn                (no ring)

@: confusing by touch, very quick
A: very small, no large weapons, unfitting armour, see invisible, speed 3
a: no special abilities


You were on level 8 of the Dungeon.
You visited 1 branch of the dungeon, and saw 8 of its levels.

You collected 391 gold pieces.

Inventory:

Hand Weapons
 a - the +5 rapier of the Onslaught (weapon) {vorpal, Str+6 Stlth-}
   (You found it on level 4 of the Dungeon)

   It inflicts extra damage upon your enemies.
   Str:       It affects your strength (+6).
   Stlth:     It makes you less stealthy.
 p - a +1 dagger
 w - a +1 dagger of draining
 G - a +1 dagger of speed
 I - a +4 quarterstaff of chaos
Missiles
 z - 10 poisoned darts (quivered)
 M - a curare-tipped dart
Armour
 b - a +0 robe
 m - a +0 robe
 x - a +0 robe
 E - a +0 robe
 F - a +0 robe (worn)
 J - a +0 cloak (worn)
Magical Staves
 r - a staff of cold
Jewellery
 u - an amulet of regeneration (around neck)
 D - a ring of resist corrosion
 L - a +4 ring of slaying
Wands
 h - a wand of paralysis (10)
 q - a wand of mindburst (36)
Scrolls
 d - 11 scrolls of identify {unknown}
 e - a scroll of enchant weapon {unknown}
 g - 4 scrolls of enchant armour {unknown}
 k - a scroll of silence {unknown}
 l - a scroll of acquirement {unknown}
 n - 2 scrolls of amnesia {unknown}
 t - 2 scrolls of fear {unknown}
 y - a scroll of noise {unknown}
 A - 2 scrolls of torment {unknown}
 B - a scroll of brand weapon {unknown}
 K - 2 scrolls of teleportation {unknown}
 N - a scroll of immolation {unknown}
Potions
 c - 2 potions of invisibility
 f - a potion of lignification
 i - a potion of mutation {unknown}
 j - a potion of berserk rage {unknown}
 o - 3 potions of attraction {unknown}
 s - 2 potions of curing {unknown}
 v - a potion of brilliance {unknown}
 C - 2 potions of magic {unknown}
 H - 3 potions of might {unknown}


   Skills:
 + Level 2.9 Fighting
 + Level 4.2 Short Blades
 + Level 5.4 Dodging
 + Level 7.2 Stealth
 + Level 5.3 Spellcasting
 + Level 2.3 Conjurations
 - Level 5.0 Hexes


You had 9 spell levels left.
You knew the following spells:

 Your Spells              Type           Power      Damage    Failure   Level
a - Ensorcelled Hibernat  Hex/Ice        26%        N/A       7%          2
b - Confusing Touch       Hex            22%        N/A       4%          3
c - Dazzling Flash        Conj/Hex       36%        N/A       9%          3

Your spell library contained the following spells:

 Spells                   Type           Power      Damage    Failure   Level
 Tukima's Dance           Hex            22%        N/A       4%          3
 Inner Flame              Hex/Fire       13%        N/A       14%         3
 Portal Projectile        Hex/Tloc       26%        N/A       14%         3
 Flame Wave               Conj/Fire      9%         2d6       61%         4
 Sticky Flame             Conj/Fire      9%         2d3       61%         4
 Passage of Golubria      Tloc           4%         N/A       78%         4
 Yara's Violent Unravell  Hex/Tmut       6%         3d5       78%         5
 Blade Hands              Tmut           2%         N/A       98%         5


Dungeon Overview and Level Annotations

Branches:
Dungeon (9/15)
 Temple: D:4-7         Lair: D:8-11         Orc: D:9-12

Altars:
Hepliaklqana
Makhleb
Trog


Innate Abilities, Weirdness & Mutations

You are very small and have problems with some larger weapons.
You are too small for most types of armour.
You have supernaturally acute eyesight. (SInv)
You cover ground extremely quickly. (Speed+++)


Message History

The white imp gestures at you. The puff of frost hits you.
There is a stone staircase leading down here.
You swing at nothing.
You swing at nothing.
The wyvern closely misses you.
You puncture the wyvern! Your punch misses the wyvern.
The wyvern is heavily wounded.
The wyvern completely misses you.
You hit the wyvern but do no damage.
The wyvern is heavily wounded.
The wyvern completely misses you. The wyvern bites you.
You barely miss the wyvern.
The wyvern is heavily wounded.
The wyvern misses you.
You barely miss the wyvern.
The wyvern is heavily wounded.
The wyvern bites you!
The wyvern bites you but does no damage.
You barely miss the wyvern.
The wyvern is heavily wounded.
The wyvern completely misses you.
You hit the wyvern but do no damage.
The wyvern is heavily wounded.
The wyvern completely misses you. The white imp gestures at you.
The puff of frost misses you. The wyvern bites you!
You hit the wyvern but do no damage.
The wyvern is heavily wounded.
The white imp hits you. The white imp freezes you.
* * * LOW HITPOINT WARNING * * *
The wyvern closely misses you. The wyvern closely misses you.
Casting: Confusing Touch (dangerous; 4% risk of failure)
Confirm with . or Enter, or press ? or * to list all spells.
Your hands begin to glow red.
The wyvern bites you!
* * * LOW HITPOINT WARNING * * *
The white imp hits you.
* * * LOW HITPOINT WARNING * * *
The white imp freezes you.
You die...

##.# .... ...
...# .....##5#
#..# .....~#.#
#..# #...~#.#
#..#
......###..#
#:.... #..#
#..#..#.###@.#
h.hh......l5.#
#..#.....#...#
#........#...#
#.....#..#....#
.#....#######.#
.....# .# .....
## ....#


You could see a wyvern and a white imp.

Vanquished Creatures
  Sigmund (D:4)
  An ice beast (D:6)
  2 black bears (D:4)
  An ogre (D:5)
  A kobold brigand (D:6)
  A necrophage (D:5)
  A scorpion (D:5)
  2 jellies (D:5)
  An orc priest (D:5)
  Crazy Yiuf (D:4)
  An iguana (D:5)
  4 orc wizards
  A hound skeleton (D:5)
  7 adders
  A white imp (D:5)
  2 ufetubi (D:4)
  2 worms
  11 orcs
  4 bats
  10 endoplasms
  5 giant cockroaches
  2 hobgoblins
  6 jackals
  3 quokkas
  2 ball pythons (D:1)
  A frilled lizard (D:1)
  5 goblins
  9 kobolds
  A rat (D:1)
89 creatures vanquished.

Vanquished Creatures (others)
  2 fungi (D:4)
2 creatures vanquished.

Grand Total: 91 creatures vanquished

Notes
Turn   | Place    | Note
-------+----------+-------------------------------------------
     0 | D:1      | koil the Spriggan Enchanter began the quest for the Orb.
     0 | D:1      | Reached XP level 1. HP: 9/9 MP: 5/5
   219 | D:1      | Reached XP level 2. HP: 12/14 MP: 6/6
   269 | D:1      | Learned a level 2 spell: Ensorcelled Hibernation
  1015 | D:2      | Reached XP level 3. HP: 13/17 MP: 3/8
  1019 | D:2      | Learned a level 3 spell: Confusing Touch
  1023 | D:2      | Learned a level 3 spell: Dazzling Flash
  2129 | D:3      | Reached skill level 1 in Fighting
  2129 | D:3      | Reached XP level 4. HP: 22/22 MP: 7/10
  2510 | D:3      | Reached skill level 5 in Stealth
  2900 | D:4      | Found a bloodstained altar of Trog.
  3101 | D:4      | Reached XP level 5. HP: 25/25 MP: 11/11
  3165 | D:4      | Noticed Sigmund
  3173 | D:4      | Killed Sigmund
  3174 | D:4      | Reached skill level 1 in Conjurations
  3174 | D:4      | Reached XP level 6. HP: 30/30 MP: 8/13
  3298 | D:4      | Identified the +5 rapier of the Onslaught {vorpal, Str+6
                  | Stlth-}
  3453 | D:4      | Reached skill level 6 in Stealth
  3453 | D:4      | Reached skill level 5 in Hexes
  3736 | D:4      | Found a runed translucent door.
  3737 | D:4      | Noticed Crazy Yiuf
  3748 | D:4      | Killed Crazy Yiuf
  3749 | D:4      | Reached XP level 7. HP: 20/35 MP: 10/14
  3811 | D:5      | Entered Level 5 of the Dungeon
  4020 | D:5      | Reached skill level 5 in Dodging
  4101 | D:5      | Found a burning altar of Makhleb.
  4113 | D:5      | Reached skill level 5 in Spellcasting
  4464 | D:6      | Reached skill level 7 in Stealth
  4464 | D:6      | Reached XP level 8. HP: 39/39 MP: 16/16
  4876 | D:6      | Found a hazy altar of Hepliaklqana.
  4928 | D:6      | You fall into a shaft and drop 3 floors!
  4962 | D:8      | Slain by a white imp

Illustrated notes

Levels and vault maps discovered:
D:1:      dpeg_arrival_simpleton_b, layout_basic
D:2:      layout_loops_ring
D:3:      layout_basic, lightli_corner_chamber
D:4:      layout_loops_ring, bloody_trog, uniq_sigmund, uniq_crazy_yiuf_cottage
D:5:      layout_rooms, makhleb_blood_cavern_becter
D:6:      layout_layer_cave, mainiacjoe_overflow_small_starburst,
          chequers_serial_rivers_small_a, uniq_grinder
D:8:      layout_loops_ring, hellmonk_lair_entry_icy, enter_ossuary_2,
          lightli_bailey_entry_fortress, kennysheep_flooded_box
D:9:      layout_roguey, erik_orc_4, chequers_jeans, evilmike_butchery

Skill      XL: |  1  2  3  4  5  6  7 |
---------------+----------------------+-----
Dodging        | 3 4 5 |  5.4
Spellcasting   | 3 4 5 |  5.3
Hexes          | 4 5 |  5.0
Fighting       | 1 2 |  2.9
Short Blades   | 2 3 4 |  4.2
Stealth        | 5 6 7 |  7.2
Conjurations   | 1 2 |  2.3

Action                   |  1- 3 |  4- 6 |  7- 9 || total
-------------------------+-------+-------+-------++-------
Melee: Dagger            |   109 |   106 |       ||   215
       Punch             |       |     1 |       ||     1
       Rapier            |       |    22 |   104 ||   126
 Cast: Ensorcelled Hiber |    11 |    10 |     5 ||    26
       Confusing Touch   |       |     2 |     3 ||     5
  Use: Potion            |       |       |     2 ||     2
 Stab: Sleeping          |    20 |    11 |     4 ||    35
       Confused          |       |       |     1 ||     1
Armor: Robe              |     7 |     5 |    10 ||    22
       Skin              |       |       |    36 ||    36
Dodge: Dodged            |    58 |    94 |    85 ||   237

Table legend: (Time is in decaauts)
 A = Elapsed time spent in this place.
 B = Non-inter-level travel time spent in this place.
 C = Inter-level travel time spent in this place.
 D = Time resting spent in this place.
 E = Time spent auto-exploring this place.
 F = Levels seen in this place.
 G = Mean time per level.
                   A        B        C        D        E       F      G
               +--------+--------+--------+--------+--------+-----+--------+
         Total |   3390 |   3148 |    242 |      0 |   2298 |   8 |  423.8 |
       Dungeon |   3390 |   3148 |    242 |      0 |   2298 |   8 |  423.8 |
               +--------+--------+--------+--------+--------+-----+--------+

Top non-repeatable levels by time:
     D:3: 705 daAuts
     D:1: 671 daAuts
     D:4: 610 daAuts
     D:2: 608 daAuts
     D:5: 450 daAuts
     D:6: 320 daAuts
     D:8: 15 daAuts
     D:9: 9 daAuts
